 Dungeon Crawl Stone Soup version 0.28-b1-1-g3c77fb2ed1 (webtiles) character file.

Game seed: 8092533123356085417

466 Minsecho the Skirmisher (level 7, -4/68 HPs)
             Began as an Ogre Arcane Marksman on Jan 30, 2022.
             Slain by an unseen horror (8 damage)
             ... on level 5 of the Dungeon.
             The game lasted 00:09:18 (4814 turns).

Minsecho the Skirmisher (Ogre Arcane Marksman)      Turns: 4814, Time: 00:09:18

Health: -4/68      AC:  3    Str: 15    XL:     7   Next: 8%
Magic:  8/8        EV: 10    Int: 14    God:
Gold:   117        SH:  0    Dex: 11    Spells: 4/8 levels left

rFire   . . .      SeeInvis .   b - +3 war axe (vorpal)
rCold   . . .      Faith    .   (no shield)
rNeg    . . .      Spirit   .   a - +0 robe
rPois   .          Reflect  .   (helmet restricted)
rElec   .          Harm     .   (no cloak)
rCorr   .          Rampage  .   (gloves unavailable)
Will    .....                   (boots unavailable)
Stlth   ++........              (no amulet)
HPRegen 0.21/turn               (no ring)
MPRegen 0.11/turn               (no ring)

@: invisible
A: large, unfitting armour, tough skin 1
a: no special abilities


You were on level 5 of the Dungeon.
You visited 1 branch of the dungeon, and saw 5 of its levels.

You collected 117 gold pieces.

Inventory:

Hand Weapons
 b - a +3 vorpal war axe (weapon)
 k - a +0 flail
Missiles
 c - a throwing net
 d - 4 large rocks
 f - 2 boomerangs (quivered)
 i - 16 stones
Armour
 a - a +0 robe (worn)
Wands
 e - a wand of mindburst (11)
Scrolls
 j - a scroll of teleportation {unknown}
Potions
 h - a potion of mutation


   Skills:
 + Level 3.7 Fighting
 + Level 1.9(2.9) Axes
 + Level 3.0(3.3) Maces & Flails
 + Level 3.4 Throwing
 + Level 2.8 Dodging
 + Level 1.3 Stealth
 + Level 1.2 Spellcasting
 + Level 3.4 Hexes
 + Level 0.2 Evocations


You had 4 spell levels left.
You knew the following spells:

 Your Spells              Type           Power      Damage    Failure   Level
a - Slow                  Hex            40%        N/A       6%          1
b - Portal Projectile     Hex/Tloc       10%        N/A       36%         3

Your spell library contained the following spells:

 Spells                   Type           Power      Damage    Failure   Level
 Sandblast                Erth           0%         2d4       26%         1
 Passwall                 Tmut/Erth      0%         N/A       36%         2
 Inner Flame              Hex/Fire       5%         N/A       36%         3
 Cause Fear               Hex            5%         N/A       54%         4
 Stone Arrow              Conj/Erth      0%         3d7       61%         3


Dungeon Overview and Level Annotations

Branches:
Dungeon (5/15)
 Temple: D:4-7

Altars:
Elyvilon

Shops:
D:4 =


Innate Abilities, Weirdness & Mutations

You are too large for most types of armour.
You have tough skin. (AC +1)


Message History

Press: ? - help, Shift-Dir - straight line Something's mind is blasted!
A sky beast appears from thin air!
Reactivating autopickup.
The sky beast hits you. The sky beast shocks you.
Aiming: Mindburst
Press: ? - help, Shift-Dir - straight line, f - sky beast
Aim: a sky beast (rain, severely wounded, chance to affect: 64%)
The sky beast's mind is blasted!!
You blow up the sky beast!
You have reached level 7!
You start resting.
HP restored.
l - a potion of ambrosia Something hits you!
Deactivating autopickup; reactivate with Ctrl-A.
Something hits you. Something hits you!
You slash something! Something hits you. Something hits you!
You miss something. Something hits you but does no damage. Something hits you!
You are confused.
You feel invigorated. Something hits you. Something hits you!
Something hits you.
* * * LOW HITPOINT WARNING * * *
Something hits you!
* * * LOW HITPOINT WARNING * * *
Something hits you.
* * * LOW HITPOINT WARNING * * *
Something hits you!
* * * LOW HITPOINT WARNING * * *
Okay, then.
You fade into invisibility!
Something hits you!
* * * LOW HITPOINT WARNING * * *
Something hits you.
* * * LOW HITPOINT WARNING * * *
You bump into the rock wall.
You feel less invigorated.
You feel less confused. Something hits you.
* * * LOW HITPOINT WARNING * * *
Something hits you!
You die...

..♣...≈≈≈...♣...≈≈≈....#
.♣♣♣.......♣♣♣.........#
♣♣ ♣♣.....♣♣ ♣♣.....#.##
♣ ♣♣♣.♣♣♣ ♣♣#####.# ♣♣♣
#.# ##.# ### #..#
.....########.##
........{@....#
.....########## ... .


There were no monsters in sight!

Vanquished Creatures
  A sky beast (D:5)
  A water moccasin skeleton (D:5)
  A bullfrog skeleton (D:4)
  An orc priest (D:3)
  A gnoll shaman (D:4)
  A hound skeleton (D:4)
  2 gnolls (D:4)
  3 adders
  An ufetubus (D:5)
  2 worms
  4 dart slugs
  14 orcs
  2 ball pythons
  8 endoplasms
  2 giant cockroaches (D:2)
  6 goblins
  6 hobgoblins
  A quokka (D:3)
  4 bats
  A frilled lizard (D:3)
  7 kobolds
  2 rats (D:2)
71 creatures vanquished.

Vanquished Creatures (collateral kills)
  A sky beast (D:4)
  An orc (D:4)
2 creatures vanquished.

Grand Total: 73 creatures vanquished

Notes
Turn   | Place    | Note
-------+----------+-------------------------------------------
     0 | D:1      | Minsecho the Ogre Arcane Marksman began the quest for the
                  | Orb.
     0 | D:1      | Reached XP level 1. HP: 19/19 MP: 2/2
   383 | D:1      | Reached XP level 2. HP: 27/27 MP: 3/3
  1353 | D:2      | Reached XP level 3. HP: 33/33 MP: 4/4
  2380 | D:2      | Reached skill level 1 in Maces & Flails
  2482 | D:2      | Reached XP level 4. HP: 33/42 MP: 5/5
  3343 | D:3      | Reached XP level 5. HP: 50/50 MP: 6/6
  3347 | D:3      | Learned a level 3 spell: Portal Projectile
  3390 | D:3      | Found a faded altar of an unknown god.
  3643 | D:4      | Noticed a sky beast
  3682 | D:4      | Killed a sky beast
  3683 | D:4      | Reached skill level 1 in Stealth
  3683 | D:4      | Reached XP level 6. HP: 13/61 MP: 7/7
  3986 | D:4      | Noticed a sky beast
  4306 | D:4      | Found Waskycuh's Jewellery Boutique.
  4380 | D:5      | Entered Level 5 of the Dungeon
  4569 | D:5      | Reached skill level 1 in Axes
  4611 | D:5      | Found a white marble altar of Elyvilon.
  4623 | D:5      | Noticed a sky beast
  4632 | D:5      | Killed a sky beast
  4633 | D:5      | Reached XP level 7. HP: 36/68 MP: 8/8
  4813 | D:5      | HP: 2/68 [something (4)]
  4814 | D:5      | Slain by an unseen horror

Illustrated notes

Levels and vault maps discovered:
D:1:      erik_arrival_triangle_small, layout_loops_ring
D:2:      layout_loops_corners, kennysheep_generic_room_16
D:3:      layout_rooms, shapermc_ecumenical_altar_notcrosses, minivault_23
D:4:      layout_rooms, serial_shops, kennysheep_little_box, uniq_ijyb,
          uniq_crazy_yiuf_cottage
D:5:      layout_rooms, elyvilon_altar_3, minmay_manual_maat

Skill      XL: |  1  2  3  4  5  6 |
---------------+-------------------+-----
Hexes          | 3 |  3.4
Maces & Flails | 1 2 3 |  3.0
Dodging        | 2 |  2.8
Fighting       | 2 3 |  3.7
Stealth        | 1 |  1.3
Throwing       | 3 |  3.4
Axes           | 1 |  1.9
Spellcasting   | |  1.2
Evocations     | |  0.2

Action                   |  1- 3 |  4- 6 |  7- 9 || total
-------------------------+-------+-------+-------++-------
Melee: Hand axe          |    37 |       |       ||    37
       Flail             |    69 |    21 |       ||    90
       Punch             |     1 |     1 |       ||     2
       War axe           |       |    73 |     2 ||    75
Throw: Large rock        |    13 |     4 |       ||    17
       Boomerang         |       |    18 |       ||    18
       Throwing net      |       |     1 |       ||     1
Evoke: Wand              |       |     8 |       ||     8
  Use: Potion            |     4 |     1 |     2 ||     7
       Scroll            |     1 |     5 |       ||     6
 Stab: Sleeping          |     2 |       |       ||     2
       Held in net/web   |       |     1 |       ||     1
Armor: Robe              |    41 |    29 |     1 ||    71
Dodge: Dodged            |    51 |    66 |       ||   117
